 Dungeon Crawl Stone Soup version 0.29-a0-577-gafbf2c5d25 (webtiles) character file.

Game seed: 11827910222907225124

399 tilp the Grave Robber (level 6, -3/46 HPs)
             Began as a Mummy Necromancer on June 13, 2022.
             Slain by Menkaure (20 damage)
             ... on level 4 of the Dungeon.
             The game lasted 00:06:11 (4402 turns).

tilp the Grave Robber (Mummy Necromancer)           Turns: 4402, Time: 00:06:12

Health: -3/46      AC:  4    Str: 12    XL:     6   Next: 54%
Magic:  2/11       EV: 12    Int: 16    God:
Gold:   251        SH:  0    Dex: 12    Spells: 3/11 levels left

rFire   x . .      SeeInvis .   b - +1 morningstar (vorpal)
rCold   + . .      Faith    .   (no shield)
rNeg    + + +      Spirit   .   c - +0 robe
rPois   ∞          Reflect  .   i - +0 helmet
rElec   .          Harm     .   (no cloak)
rCorr   .          Rampage  .   g - +0 pair of gloves
Will    .....                   (no boots)
Stlth   ++........              (no amulet)
HPRegen 0.15/turn               (no ring)
MPRegen 0.12/turn               (no ring)

@: no status effects
A: cold resistance 1, negative energy resistance 3, torment resistance 2, heat
vulnerability 1, in touch with death 1, no potions
a: no special abilities


You were on level 4 of the Dungeon.
You visited 1 branch of the dungeon, and saw 5 of its levels.

You collected 251 gold pieces.

Inventory:

Hand Weapons
 a - a +2 short sword of protection
 b - a +1 vorpal morningstar (weapon)
Missiles
 d - 5 poisoned darts (quivered)
 k - a boomerang
 m - 197 stones
Armour
 c - a +0 robe (worn)
 g - a +0 pair of gloves (worn)
 i - a +0 helmet (worn)
Wands
 n - a wand of iceblast (5)
Scrolls
 e - a scroll of brand weapon {unknown}
 f - 3 scrolls of magic mapping
 h - 3 scrolls of teleportation
 j - a scroll of fear
 o - a scroll of immolation {unknown}
 p - a scroll of blinking {unknown}


   Skills:
 * Level 2.7 Fighting
 + Level 2.2 Dodging
 + Level 2.2 Stealth
 + Level 3.4 Spellcasting
 * Level 6.3 Necromancy
 * Level 1.1 Evocations


You had 3 spell levels left.
You knew the following spells:

 Your Spells              Type           Power      Damage    Failure   Level
a - Necrotize             Necr           100%       1d9       1%          1
b - Vampiric Draining     Necr           34%        2d8       4%          3
c - Animate Dead          Necr           34%        N/A       14%         4

Your spell library contained the following spells:

 Spells                   Type           Power      Damage    Failure   Level
 Agony                    Necr           34%        N/A       36%         5


Dungeon Overview and Level Annotations

Branches:
Dungeon (5/15)
 Temple: D:4-7

Altars:

Annotations:
D:2 1 runed translucent door, Crazy Yiuf
D:4 Menkaure


Innate Abilities, Weirdness & Mutations

You are immune to poison.
Your flesh is cold resistant. (rC+)
You are immune to negative energy. (rN+++)
You are immune to unholy pain and torment.
You are vulnerable to heat. (rF-)
You are in touch with the powers of death.
You do not drink.


Message History

The hound bites you but does no damage. Menkaure hits you.
You climb upwards.
There is a stone staircase leading down here.
Unknown command.
The hound closely misses you. The hound attacks as you move away!
The hound bites you.
You closely miss the hound. The hound bites you but does no damage.
The hound misses you. The hound bites you.
Casting: Necrotize (safe; 1% risk of failure)
Confirm with . or Enter, or press ? or * to list all spells.
Aiming: Vampiric Draining (dangerous; 4% risk of failure)
Press: ? - help, Shift-Dir - straight line, f - hound
Aim: a hound You feel a surge of power!
You draw life force from the hound!
You feel life coursing into your body. The hound bites you.
Unknown command.
Casting: Vampiric Draining (dangerous; 4% risk of failure)
Confirm with . or Enter, or press ? or * to list all spells.
Aiming: Vampiric Draining (dangerous; 4% risk of failure)
Press: ? - help, Shift-Dir - straight line, f/p - hound
Aim: a hound (severely wounded)
You feel a surge of power!
You draw life force from the hound.
You feel life coursing into your body. The hound bites you. x2
* * * LOW HITPOINT WARNING * * *
Unknown command.
Unknown command.
Casting: Vampiric Draining (dangerous; 4% risk of failure)
Confirm with . or Enter, or press ? or * to list all spells.
Aiming: Vampiric Draining (dangerous; 4% risk of failure)
Press: ? - help, Shift-Dir - straight line, f/p - hound
Aim: a hound (almost dead)
You feel a surge of power!
You draw life force from the hound!
You kill the hound!
You feel life coursing into your body.
Unknown command.
Unknown command.
You barely miss Menkaure.
Menkaure is moderately damaged.
Menkaure hits you!!
You die...

##...## #.# ......#
#.# ##...## #.#
##.## #.# #.# #.#
#.# ####.#### ##'##
#.......# ##...##
#.##.##.# #.....##
#....M@.# .......##
#...>##.#
........###.....#.#
<.....).'.......#.#
........###.....#.#
.......## #.#.#.#.#
#.....## #.......#
##...## #.......#
##'## #####.###


You could see Menkaure.

Vanquished Creatures
  2 necrophages (D:4)
  A hound (D:4)
  An orc priest (D:3)
  A jelly (D:4)
  An orc wizard (D:4)
  3 adders
  A worm (D:3)
  2 dart slugs
  14 orcs
  7 endoplasms
  A giant cockroach (D:3)
  10 hobgoblins
  12 jackals (D:2)
  6 kobolds
  2 quokkas
  4 ball pythons
  4 bats
  A frilled lizard (D:2)
  13 goblins
  3 rats
89 creatures vanquished.

Vanquished Creatures (collateral kills)
  Robin (D:2)
  A worm (D:2)
  An orc (D:3)
  A goblin (D:2)
4 creatures vanquished.

Grand Total: 93 creatures vanquished

Notes
Turn   | Place    | Note
-------+----------+-------------------------------------------
     0 | D:1      | tilp the Mummy Necromancer began the quest for the Orb.
     0 | D:1      | Reached XP level 1. HP: 13/13 MP: 4/4
   295 | D:1      | Reached XP level 2. HP: 20/20 MP: 5/5
   901 | D:2      | Gained mutation: You are in touch with the powers of death.
                  | [Mummy growth]
   901 | D:2      | Reached XP level 3. HP: 20/25 MP: 4/7
   905 | D:2      | Learned a level 3 spell: Vampiric Draining
  1170 | D:2      | Reached skill level 1 in Fighting
  1209 | D:2      | Found a faded altar of an unknown god.
  1536 | D:2      | Found a runed translucent door.
  1537 | D:2      | Noticed Crazy Yiuf
  1574 | D:2      | Noticed Robin
  1723 | D:2      | Reached XP level 4. HP: 26/32 MP: 6/8
  1726 | D:2      | Killed Robin
  1860 | D:2      | Learned a level 4 spell: Animate Dead
  2071 | D:3      | Reached skill level 5 in Necromancy
  2426 | D:3      | Reached XP level 5. HP: 24/38 MP: 0/9
  3041 | D:4      | Reached skill level 6 in Necromancy
  3174 | D:4      | Reached XP level 6. HP: 10/44 MP: 6/10
  3517 | D:4      | Reached skill level 1 in Evocations
  4391 | D:5      | Entered Level 5 of the Dungeon
  4391 | D:5      | Noticed Menkaure
  4402 | D:4      | Slain by Menkaure

Illustrated notes

Levels and vault maps discovered:
D:1:      dpeg_arrival_tiny_f, layout_loops_ring, minmay_tiny_reverse_x
D:2:      layout_rooms, ebering_ecumenical_altar_mist, uniq_robin,
          uniq_crazy_yiuf_cottage
D:3:      layout_basic
D:4:      layout_loops_corners
D:5:      layout_cave_pools, portal_sewer_entry_a, st_stairs_12,
          kennysheep_donut, nrook_pool_corridor, uniq_grinder, uniq_menkaure

Skill      XL: |  1  2  3  4  5  6 |
---------------+-------------------+-----
Spellcasting   | 3 |  3.4
Stealth        | 2 |  2.2
Fighting       | 1 2 |  2.7
Dodging        | 2 |  2.2
Necromancy     | 5 6 |  6.3
Evocations     | 1 |  1.1

Action                   |  1- 3 |  4- 6 || total
-------------------------+-------+-------++-------
Melee: Short sword       |    26 |    26 ||    52
       Morningstar       |       |    70 ||    70
       Punch             |       |     1 ||     1
Throw: Stone             |     3 |       ||     3
       Boomerang         |       |     2 ||     2
 Cast: Necrotize         |    71 |    24 ||    95
       Vampiric Draining |       |     7 ||     7
  Use: Scroll            |     3 |     2 ||     5
 Stab: Sleeping          |       |     4 ||     4
Armor: Robe              |    17 |    21 ||    38
Dodge: Dodged            |    26 |    64 ||    90

Table legend: (Time is in decaauts)
 A = Elapsed time spent in this place.
 B = Non-inter-level travel time spent in this place.
 C = Inter-level travel time spent in this place.
 D = Time resting spent in this place.
 E = Time spent auto-exploring this place.
 F = Levels seen in this place.
 G = Mean time per level.
                   A        B        C        D        E       F      G
               +--------+--------+--------+--------+--------+-----+--------+
         Total |   4442 |   4307 |    135 |    541 |   3145 |   5 |  888.4 |
       Dungeon |   4442 |   4307 |    135 |    541 |   3145 |   5 |  888.4 |
               +--------+--------+--------+--------+--------+-----+--------+

Top non-repeatable levels by time:
     D:4: 1633 daAuts
     D:2: 1008 daAuts
     D:3: 898 daAuts
     D:1: 896 daAuts
     D:5: 4 daAuts
